 Dungeon Crawl Stone Soup version 0.28-a0-10-g964c8b829e (webtiles) character file.

Game seed: 2024108775362922682

1012 KristoblXynda the Slasher (level 8, -8/69 HPs)
             Began as a Yellow Draconian Gladiator on July 25, 2021.
             Blown up by a kobold (21 damage)
             ... with a mindburst bolt
             ... on level 5 of the Dungeon.
             The game lasted 00:06:14 (6728 turns).

KristoblXynda the Slasher (DrGl)                    Turns: 6728, Time: 00:06:14

Health: -8/69      AC:  9    Str: 14    XL:     8   Next: 1%
Magic:  8/8        EV: 14    Int: 10    God:
Gold:   58         SH:  0    Dex: 14    Spells: 3/7 levels left

rFire   + . .      SeeInvis .   e - +4 dagger
rCold   . . .      Faith    .   (no shield)
rNeg    . . .      Spirit   .   (armour unavailable)
rPois   .          Reflect  .   b - +0 hat
rElec   .          Harm     .   i - +0 cloak
rCorr   +          Rampage  .   s - +0 pair of gloves
Will    .....                   v - +0 pair of boots
Stlth   +.........              (no amulet)
HPRegen 0.21/turn               (no ring)
MPRegen 0.11/turn               (no ring)

@: no status effects
A: spit acid, AC +6, unfitting armour, cold-blooded, acid resistance, fire
resistance 1, weak 1
a: Breathe Acid


You were on level 5 of the Dungeon.
You visited 1 branch of the dungeon, and saw 5 of its levels.

You collected 202 gold pieces.
You spent 144 gold pieces at shops.

Inventory:

Hand Weapons
 e - a +4 dagger (weapon)
 j - a +0 scimitar
Missiles
 c - 5 throwing nets (quivered)
 q - 2 atropa-tipped darts
Armour
 b - a +0 hat (worn)
 i - a +0 cloak (worn)
 s - a +0 pair of gloves (worn)
 v - a +0 pair of boots (worn)
Jewellery
 h - a ring of magical power
Scrolls
 f - 3 scrolls of identify
 g - 2 scrolls of amnesia
 k - a scroll of magic mapping {unknown}
 l - a scroll of noise {unknown}
 m - a scroll of silence {unknown}
 n - a scroll of fear {unknown}
 o - a scroll of immolation {unknown}
 p - a scroll of teleportation {unknown}
Potions
 a - a potion of brilliance
 d - a potion of might
 r - 2 potions of cancellation


   Skills:
 + Level 5.5 Fighting
 * Level 7.1 Long Blades
 - Level 2.0 Throwing
 + Level 5.0 Dodging


You had 3 spell levels left.
You knew the following spells:

 Your Spells              Type           Power      Damage    Failure   Level
a - Hailstorm             Conj/Ice       0%         3d3       98%         4

Your spell library contained the following spells:

 Spells                   Type           Power      Damage    Failure   Level
 Beastly Appendage        Tmut           0%         N/A       36%         1
 Wereblood                Tmut           0%         N/A       50%         2
 Conjure Flame            Conj/Fire      0%         6-21      75%         3
 Ignite Poison            Fire/Tmut/Pois 0%         N/A       75%         3
 Spider Form              Tmut/Pois      0%         N/A       75%         3
 Ice Form                 Ice/Tmut       0%         N/A       98%         4
 Sticky Flame             Conj/Fire      0%         2d3       98%         4
 Simulacrum               Ice/Necr       0%         N/A       100%        6


Dungeon Overview and Level Annotations

Branches:
Dungeon (5/15)
 Temple: D:4-7

Altars:
Okawaru
Qazlal
Sif Muna
Wu Jian
Xom

Shops:
D:1 (   D:2 [   D:5 *


Innate Abilities, Weirdness & Mutations

You can spit globs of acid.
Your golden yellow scales are hard. (AC +6)
You cannot fit into any form of body armour.
You are cold-blooded and may be slowed by cold attacks.
You are resistant to acid. (rCorr)
Your flesh is heat resistant. (rF+)
You are weak. (Str -2)


Message History

You hit the kobold brigand but do no damage.
You tail-slap the kobold brigand, but do no damage.
The kobold brigand misses you.
You hit the kobold brigand.
The kobold brigand is lightly wounded.
The kobold brigand hits you with a +0 short sword.
The kobold hits you but does no damage.
The kobold throws a poisoned dart.
The poisoned dart hits you!
You are poisoned.
You feel very sick.
The kobold brigand throws a poisoned dart.
The poisoned dart hits you!
You are more poisoned.
Things that are here:
a +0 dagger; a scroll labelled QEIMUCLOUCW
* * * LOW HITPOINT WARNING * * *
You feel very sick.
* * * LOW HITPOINT WARNING * * *
You feel very sick.
* * * LOW HITPOINT WARNING * * *
You feel very sick.
The kobold brigand throws a poisoned dart.
The poisoned dart hits you.
You are lethally poisoned!
The kobold zaps a wand.
You struggle to resist.
* * * LOW HITPOINT WARNING * * *
You feel very sick.
Unknown command.
It was a potion of mutation.
You feel extremely strange.
You feel resistant to heat.
You feel weaker.
You have got your breath back.
* * * LOW HITPOINT WARNING * * *
You feel sick.
The kobold brigand throws a poisoned dart.
The poisoned dart hits you!
You are more poisoned.
The kobold zaps a wand.
You struggle to resist.
It was a potion of curing.
You feel better.
The kobold zaps a wand.
Your mind is blasted!
You die...

##...∩.....######### ###
#####......†...##.##...#
#####.###.##...#.......##.......
##..#...#.......#............#...
.#........).#...#)......#....##..
.......###..#...).....####..###..
...........####.......# #...# #..
..............#.##....# #..## ...
.......##..#....@###........ ...
..........)#KK...#.#........ ....
..#.........)....................
#.#.........K............ .....
..#..>.....#...........
.......................
##.....................
....................##.
........#......#.....#


You could see a kobold brigand and 2 kobolds.

Vanquished Creatures
  A sky beast (D:5)
  A black bear (D:4)
  2 ogres (D:5)
  A phantom (D:5)
  2 scorpions (D:5)
  A gnoll shaman (D:3)
  2 hounds
  An orc priest (D:2)
  A jelly (D:5)
  A scorpion zombie (D:5)
  2 iguanas (D:5)
  3 hound skeletons
  5 gnolls
  5 adders
  A howler monkey skeleton (D:4)
  An ufetubus (D:2)
  4 worms
  4 dart slugs
  7 orcs
  4 bats
  6 endoplasms
  2 giant cockroaches
  4 goblins
  8 hobgoblins
  9 jackals
  12 kobolds
  9 ball pythons
  2 frilled lizards
  A jackal skeleton (D:4)
  4 rats
106 creatures vanquished.

Notes
Turn   | Place    | Note
-------+----------+-------------------------------------------
     0 | D:1      | KristoblXynda the Draconian Gladiator began the quest for
                  | the Orb.
     0 | D:1      | Reached XP level 1. HP: 17/17 MP: 1/1
   133 | D:1      | Reached XP level 2. HP: 7/25 MP: 2/2
  1039 | D:1      | Found Tozyuss's Weapon Shoppe.
  1207 | D:1      | Reached XP level 3. HP: 30/30 MP: 3/3
  2008 | D:2      | Reached skill level 4 in Long Blades
  2008 | D:2      | Reached XP level 4. HP: 3/38 MP: 4/4
  2611 | D:2      | Found Tofougad's Antique Armour Shop.
  3294 | D:3      | Found a faded altar of an unknown god.
  3541 | D:3      | Reached XP level 5. HP: 45/45 MP: 5/5
  4080 | D:4      | Found an ornate altar of the Wu Jian Council.
  4251 | D:4      | Noticed a black bear
  4260 | D:4      | Killed a black bear
  4261 | D:4      | Reached skill level 5 in Long Blades
  4261 | D:4      | Reached XP level 6. HP: 38/52 MP: 6/6
  5421 | D:4      | Found a shimmering altar of Xom.
  5427 | D:4      | Found a stormy altar of Qazlal.
  5427 | D:4      | Found an iron altar of Okawaru.
  5430 | D:4      | Found a shimmering blue altar of Sif Muna.
  5533 | D:5      | Entered Level 5 of the Dungeon
  5996 | D:5      | Learned a level 4 spell: Hailstorm
  6006 | D:5      | Your scales start taking on a golden yellow colour.
  6006 | D:5      | Reached XP level 7. HP: 53/60 MP: 7/7
  6006 | D:5      | Gained mutation: You are resistant to acid. (rCorr) [Yellow
                  | Draconian growth]
  6048 | D:5      | Reached skill level 6 in Long Blades
  6261 | D:5      | Reached skill level 5 in Fighting
  6609 | D:5      | Found Ytiax's Assorted Antiques.
  6617 | D:5      | Bought a pair of boots for 144 gold pieces
  6693 | D:5      | Reached skill level 7 in Long Blades
  6693 | D:5      | Reached skill level 5 in Dodging
  6693 | D:5      | Reached XP level 8. HP: 35/69 MP: 8/8
  6727 | D:5      | Gained mutation: Your flesh is heat resistant. (rF+)
                  | [potion of mutation]
  6727 | D:5      | Gained mutation: You are weak. (Str -2) [potion of
                  | mutation]
  6728 | D:5      | Blown up by a kobold

Illustrated notes

Levels and vault maps discovered:
D:1:      kennysheep_arrival_forest, layout_basic, serial_shops, shop
D:2:      layout_basic, serial_shops, shop, dk_noncrumbling_4,
          minmay_heptomino_w4
D:3:      layout_loops_cross, hellmonk_ecumenical_altar_zigzags,
          kennysheep_generic_room_5
D:4:      layout_cave_pods, minitemple
D:5:      layout_cave_pools, old_standard_altar, serial_shops, shop

Skill      XL: |  1  2  3  4  5  6  7 |
---------------+----------------------+-----
Throwing       | 2 |  2.0
Dodging        | 3 4 5 |  5.0
Fighting       | 3 4 5 |  5.5
Long Blades    | 4 5 7 |  7.1

Action                   |  1- 3 |  4- 6 |  7- 9 || total
-------------------------+-------+-------+-------++-------
Melee: Dagger            |   110 |   223 |   107 ||   440
       Tailslap          |    12 |    32 |    16 ||    60
       Long sword        |     5 |       |       ||     5
 Abil: Breathe Acid      |       |       |     6 ||     6
  Use: Scroll            |       |     4 |       ||     4
       Potion            |       |     1 |     2 ||     3
 Stab: Sleeping          |     2 |     4 |       ||     6
Armor: Skin              |    35 |    68 |    27 ||   130
Dodge: Dodged            |    80 |   140 |    62 ||   282
       Rpst.: Long sword |     1 |       |       ||     1

Table legend: (Time is in decaauts)
 A = Elapsed time spent in this place.
 B = Non-inter-level travel time spent in this place.
 C = Inter-level travel time spent in this place.
 D = Time resting spent in this place.
 E = Time spent auto-exploring this place.
 F = Levels seen in this place.
 G = Mean time per level.
                   A        B        C        D        E       F      G
               +--------+--------+--------+--------+--------+-----+--------+
         Total |   6666 |   6445 |    221 |   2313 |   3255 |   5 | 1333.2 |
       Dungeon |   6666 |   6445 |    221 |   2313 |   3255 |   5 | 1333.2 |
               +--------+--------+--------+--------+--------+-----+--------+

Top non-repeatable levels by time:
     D:2: 1977 daAuts
     D:1: 1467 daAuts
     D:4: 1386 daAuts
     D:3: 930 daAuts
     D:5: 905 daAuts
